 Dungeon Crawl Stone Soup version 0.26.0-11-g8f856b5395 (webtiles) character file.

Game seed: 17977022424261941995

288 Feofan the Ruffian (level 6, -8/52 HPs)
             Began as a Ghoul Monk on Jan 15, 2021.
             Mangled by an orc
             ... wielding a +0 war axe
              (11 damage)
             ... on level 4 of the Dungeon.
             The game lasted 00:14:27 (3470 turns).

Feofan the Ruffian (Ghoul Monk)                     Turns: 3470, Time: 00:14:29

Health: -8/52      AC:  2    Str: 16    XL:     6   Next: 31%
Magic:  5/5        EV: 13    Int:  5    God:
Gold:   125        SH:  0    Dex: 12    Spells: 5/5 levels left

rFire    + . .     SeeInvis .     - Unarmed
rCold    + + .     Faith    .   (no shield)
rNeg     + + +     Spirit   .   a - +0 robe
rPois    ∞         Reflect  .   (no helmet)
rElec    +         Harm     .   (no cloak)
rCorr    +         Rampage  .   (no gloves)
Will     .....                  (no boots)
Stlth    ++........             (no amulet)
HPRegen  0.00/turn              (no ring)
MPRegen  0.09/turn              (no ring)

@: resistant
A: claws 1, cold resistance 1, negative energy resistance 3, inhibited
regeneration, torment resistance, unbreathing
a: no special abilities


You were on level 4 of the Dungeon.
You visited 1 branch of the dungeon, and saw 4 of its levels.

You collected 125 gold pieces.

Inventory:

Hand Weapons
 f - a +0 short sword of electrocution
Armour
 a - a +0 robe (worn)
 g - a +0 scale mail
 h - a +0 pair of gloves
Jewellery
 c - an uncursed ring of positive energy
 j - an uncursed ring of fire {unknown}
 n - an uncursed ring of fire {unknown}
Scrolls
 b - 2 scrolls of remove curse
 e - a scroll of blinking {unknown}
 k - a scroll of noise
 m - 2 scrolls of identify
 o - a scroll of enchant weapon {unknown}
Potions
 d - 3 potions of flight
 i - a potion of attraction {unknown}


   Skills:
 + Level 4.0 Fighting
 + Level 3.5 Dodging
 + Level 4.2 Stealth
 + Level 5.5 Unarmed Combat


You had 5 spell levels left.
You didn't know any spells.
Your spell library was empty.

Dungeon Overview and Level Annotations

Branches:
Dungeon (4/15)             Temple (0/1) D:4

Altars:
The Shining One


Innate Abilities, Weirdness & Mutations

You thrive by killing the living.
You are immune to poison.
You have sharp fingernails.
Your flesh is cold resistant. (rC+)
You are immune to negative energy. (rN+++)
You do not regenerate when monsters are visible.
You are immune to unholy pain and torment.
You can survive without breathing.


Message History

The orc priest hits you.
* * * LOW HITPOINT WARNING * * *
You claw the orc priest!
The orc priest is severely wounded.
The orc priest casts a cantrip, but nothing happens.
You claw the orc priest!
You kill the orc priest!
The orc closely misses you.
You scratch the orc but do no damage.
The frilled lizard hisses.
Something hits you.
* * * LOW HITPOINT WARNING * * *
The orc barely misses you.
You closely miss something.
You hear some strange, mumbled words.
A magic dart appears from out of thin air!
The magic dart hits you.
* * * LOW HITPOINT WARNING * * *
You miss something. The orc hits you with a +0 war axe!
You die...

......##
#........#####....#
..##..#
####...###...##..#..# ##
#...####....###
###....###.###
............##
##....##.(..
#..##..#####..#
#.........≈ ..###..#
#..># #..###..... ..#
..# ##...## #.###≈≈≈.#.
#.....## #.#≈≈≈#...#
#....##@o####..≈≈.....#.
....##
##{.....≈≈..^.≈≈.# ..##
##l######.≈≈≈..≈≈. ..
#.># #...≈...≈≈
....####..# ...≈...##
..l....)..# ..#...# #
............... ###...
............... ##..
...............# #..


You could see an orc and a frilled lizard.

Vanquished Creatures
  A bullfrog (D:3)
  A bullfrog skeleton (D:3)
  An orc priest (D:4)
  Jessica (D:2)
  Terence (D:2)
  3 adders
  2 oozes
  An adder skeleton (D:4)
  2 dart slugs
  4 leopard geckos
  5 orcs
  2 ball pythons (D:1)
  6 bats
  6 giant cockroaches
  9 goblins
  3 hobgoblins
  3 quokkas
  5 frilled lizards
  7 kobolds
  6 rats
69 creatures vanquished.

Notes
Turn   | Place    | Note
-------+----------+-------------------------------------------
     0 | D:1      | Feofan the Ghoul Monk began the quest for the Orb.
     0 | D:1      | Reached XP level 1. HP: 19/19 MP: 0/0
   242 | D:1      | Reached XP level 2. HP: 11/26 MP: 1/1
   912 | D:1      | Reached XP level 3. HP: 32/33 MP: 2/2
  1215 | D:2      | Reached skill level 4 in Unarmed Combat
  1384 | D:2      | Noticed Terence
  1409 | D:2      | Killed Terence
  1410 | D:2      | Reached XP level 4. HP: 36/40 MP: 3/3
  1751 | D:2      | Noticed Jessica
  1768 | D:2      | Killed Jessica
  1876 | D:2      | Reached XP level 5. HP: 44/46 MP: 4/4
  2153 | D:3      | Found a glowing golden altar of the Shining One.
  2281 | D:3      | Reached skill level 5 in Unarmed Combat
  2534 | D:3      | Reached XP level 6. HP: 14/52 MP: 5/5
  3397 | D:4      | Found a staircase to the Ecumenical Temple.
  3470 | D:4      | Mangled by an orc

Illustrated notes

Levels and vault maps discovered:
D:1:      onia_arrival_pentagram, layout_basic, st_stairs_7
D:2:      layout_basic, uniq_terence, uniq_jessica
D:3:      layout_loops_corners, tso_metal_star
D:4:      minmay_diamond_boxcup, layout_layer_cave, temple_pool_b,
          chequers_serial_rivers_small_b

Skill      XL: |  1  2  3  4  5 |
---------------+----------------+-----
Dodging        | 3 |  3.5
Unarmed Combat | 4 5 |  5.5
Stealth        | 3 4 |  4.2
Fighting       | 4 |  4.0

Action                   |  1- 3 |  4- 6 || total
-------------------------+-------+-------++-------
Melee: Unarmed           |    99 |   134 ||   233
       Punch             |     3 |     2 ||     5
  Use: Scroll            |     3 |     3 ||     6
       Potion            |       |     3 ||     3
 Stab: Sleeping          |     8 |     8 ||    16
Armor: Robe              |     6 |    18 ||    24
Dodge: Dodged            |    46 |    70 ||   116
